 Dungeon Crawl Stone Soup version 0.17-a0-1923-gc35365e (webtiles) character file.

80 barthelm the Ruffian (level 4, 0/39 HPs)
             Began as a Ghoul Monk on Sept 28, 2015.
             Slain by a quokka (1 damage)
             ... on level 3 of the Dungeon.
             The game lasted 00:07:30 (2400 turns).

barthelm the Ruffian (Ghoul Monk)                   Turns: 2400, Time: 00:07:30

Health: 0/39       AC:  3    Str: 15    XL:     4   Next: 39%
Magic:  3/3        EV: 13    Int:  5    God:
Gold:   164        SH:  0    Dex: 11    Spells: 0 memorised, 3 levels left

rFire  . . .     SeeInvis .       - Unarmed
rCold  + . .     Clarity  .     a - +0 robe
rNeg   + + +     SustAt   .     (no shield)
rPois  ∞         Gourm    .     (no helmet)
rElec  .         Spirit   .     e - +0 cloak
rCorr  .         Warding  .     (no gloves)
rMut   .         Stasis   .     (no boots)
MR     .....                    (no amulet)
Stlth  ++........               (no ring)
                                (no ring)

@: rotting, not resistant to hostile enchantments, unstealthy
A: rotting body, claws 1, carnivore 3, cold resistance 1, negative energy
resistance 3, slow healing 1, torment resistance, unbreathing
a: no special abilities


You were on level 3 of the Dungeon.
You were not hungry.

You visited 1 branch of the dungeon, and saw 3 of its levels.

You collected 164 gold pieces.

Inventory:

Armour
 a - a +0 robe (worn)
 e - a +0 cloak (worn)
Jewellery
 j - an uncursed amulet of the gourmand {unknown}
 q - an uncursed ring of see invisible {unknown}
Scrolls
 f - 4 scrolls of identify {unknown}
 g - a scroll of enchant armour {unknown}
 k - a scroll of enchant weapon {unknown}
 l - a scroll of immolation {unknown}
 m - a scroll of teleportation {unknown}
 p - a scroll of blinking {unknown}
 r - a scroll of magic mapping {unknown}
Potions
 c - a potion of magic {unknown}
 h - a potion of curing {unknown}
 i - a potion of haste {unknown}
 n - a potion of poison {unknown}
Comestibles
 b - a meat ration
 d - a beef jerky
 o - a royal jelly
 s - 2 chunks of flesh


   Skills:
 + Level 3.6 Fighting
 + Level 3.4 Dodging
 + Level 2.7 Stealth
 + Level 5.2 Unarmed Combat


You had 3 spell levels left.
You didn't know any spells.

Dungeon Overview and Level Annotations

Branches:
Dungeon (3/15)

Altars:

Annotations:
D:3 Anothat's ghost, average GrFi


Innate Abilities, Weirdness & Mutations

Your body is rotting away.
You thrive on raw meat.
You are immune to poison.
You have sharp fingernails.
You are carnivorous and can eat meat at any time.
Your flesh is cold resistant.
You are immune to negative energy.
You heal slowly when monsters are visible.
You are immune to unholy pain and torment.
You can survive without breathing.


Message History

An orc comes into view. It is wielding a dagger.
You completely miss Anothat's ghost.
Anothat's ghost is moderately damaged.
The quokka bites you. Anothat's ghost barely misses you.
The orc shouts!
You scratch Anothat's ghost.
Anothat's ghost is moderately damaged.
The quokka bites you.
* * * LOW HITPOINT WARNING * * *
Anothat's ghost hits you!
* * * LOW HITPOINT WARNING * * *
Eat one of 3 chunks of flesh? (ye/n/q/i?) This raw flesh tastes great!
The quokka bites you.
* * * LOW HITPOINT WARNING * * *
Anothat's ghost keens inconsolably.
Anothat's ghost hits you.
* * * LOW HITPOINT WARNING * * *
You continue eating.
The quokka bites you.
You die...

######..#...<.#...((...# ##.
........#.....#......).# ##.
#######.#...#.#.######.# #..
.......<......#.# #.########..
##########..###.#
####...........
##.....##...##########..
##...##.....##.........
...#...#.......##.#######
......'o..g@W..[..##.#
....r.#...#.r.....##.# #####
.....##...##.....###.###...#
#...# #...# #...## #.#......
##### #...# ##### #.#.#...#
##...###...###...## #.#......
##.....##...##.....###.#######
#.......#...#.......##.#
#.....).'...'.).....##.#


You could see Anothat's ghost, an orc, 2 quokkas and a hobgoblin.

Vanquished Creatures
  2 adders (D:2)
  3 worms (D:2)
  3 giant geckos
  An orc (D:3)
  10 bats
  2 giant cockroaches (D:2)
  3 goblins
  12 hobgoblins
  A ball python (D:2)
  2 jackals (D:2)
  5 kobolds
  5 rats
49 creatures vanquished.

Notes
Turn   | Place    | Note
--------------------------------------------------------------
     0 | D:1      | barthelm the Ghoul Monk began the quest for the Orb.
     0 | D:1      | Reached XP level 1. HP: 19/19 MP: 0/0
   440 | D:1      | Reached XP level 2. HP: 26/26 MP: 1/1
   838 | D:2      | Reached XP level 3. HP: 3/31 MP: 2/2
  1338 | D:2      | Reached skill level 5 in Unarmed Combat
  1548 | D:2      | Reached XP level 4. HP: 25/39 MP: 3/3
  2394 | D:3      | Noticed Anothat's ghost (average GrFi)
  2399 | D:3      | HP: 1/39 [Anothat's ghost (5)]
  2400 | D:3      | Slain by a quokka

Vault maps used:
D:1:      dpeg_arrival_tiny_a
D:3:      kennysheep_six_static_rooms

Action                   |  1- 3 |  4- 6 || total
-------------------------+-------+-------++-------
Melee: Unarmed           |   139 |    38 ||   177
 Stab: Sleeping          |     4 |       ||     4
       Distracted        |       |     1 ||     1
  Eat: Chunk             |    18 |    10 ||    28
